 Dungeon Crawl Stone Soup version 0.27-a0-1119-gbf574a6a6b (webtiles) character file.

Game seed: 11447586606135020823

149 harryhousin the Thaumaturge (level 5, 0/37 HPs)
             Began as a Gnoll Wanderer on May 2, 2021.
             Slain by Ijyb
             ... wielding a +0 dagger
              (6 damage)
             ... on level 3 of the Dungeon.
             The game lasted 00:17:40 (2395 turns).

harryhousin the Thaumaturge (Gnoll Wanderer)        Turns: 2395, Time: 00:17:41

Health: 0/37       AC:  2    Str:  9    XL:     5   Next: 31%
Magic:  24/29      EV: 12    Int: 12    God:
Gold:   90         SH:  0    Dex: 14    Spells: 24/30 levels left

rFire    . . .     SeeInvis .   j - +1 dagger (elec)
rCold    . . .     Faith    .   (no shield)
rNeg     . . .     Spirit   .   d - +0 robe
rPois    .         Reflect  .   (no helmet)
rElec    .         Harm     .   (no cloak)
rCorr    .         Rampage  .   (no gloves)
Will     .....                  (no boots)
Stlth    ++........             (no amulet)
HPRegen  0.12/turn              f - ring of magical power
MPRegen  0.21/turn              (no ring)

@: no status effects
A: fangs 1, strong nose, distributed training
a: no special abilities


You were on level 3 of the Dungeon.
You visited 1 branch of the dungeon, and saw 3 of its levels.

You collected 90 gold pieces.

Inventory:

Hand Weapons
 j - a +1 dagger of electrocution (weapon)
Missiles
 e - 58 stones (quivered)
Armour
 d - a +0 robe (worn)
Jewellery
 a - a ring of flight
 f - a ring of magical power (left hand)
Wands
 k - a wand of polymorph (13)
Scrolls
 b - 3 scrolls of teleportation {unknown}
 g - 3 scrolls of identify {unknown}
 i - a scroll of enchant weapon {unknown}
 l - a scroll of holy word {unknown}
 o - a scroll of fear {unknown}
Potions
 c - 2 potions of lignification
 h - a potion of curing {unknown}
 m - a potion of magic {unknown}
 n - 2 potions of brilliance {unknown}


   Skills:
 + Level 1.4 Fighting
 + Level 1.4 Short Blades
 + Level 1.4 Long Blades
 + Level 1.4 Axes
 + Level 1.4 Maces & Flails
 + Level 1.4 Polearms
 + Level 1.4 Staves
 + Level 1.4 Slings
 + Level 1.4 Bows
 + Level 1.4 Crossbows
 + Level 1.4 Throwing
 + Level 1.4 Armour
 + Level 1.4 Dodging
 + Level 1.4 Stealth
 + Level 2.9 Shields
 + Level 1.4 Unarmed Combat
 + Level 13.0 Spellcasting
 + Level 1.1 Conjurations
 + Level 1.1 Hexes
 + Level 2.3 Summonings
 + Level 1.1 Necromancy
 + Level 1.1 Translocations
 + Level 1.1 Transmutations
 + Level 1.1 Fire Magic
 + Level 1.1 Ice Magic
 + Level 1.1 Air Magic
 + Level 1.1 Earth Magic
 + Level 2.3 Poison Magic
 + Level 1.6 Invocations
 + Level 2.9 Evocations


You had 24 spell levels left.
You knew the following spells:

 Your Spells              Type           Power      Damage    Failure   Level
a - Sting                 Tmut/Pois      48%        1d5       4%          1
b - Magic Dart            Conj           40%        1d5       5%          1
c - Call Imp              Summ           13%        N/A       4%          2
d - Blink                 Tloc           N/A        N/A       9%          2

Your spell library contained the following spells:

 Spells                   Type           Power      Damage    Failure   Level
 Slow                     Hex            10%        N/A       9%          2
 Mephitic Cloud           Conj/Pois/Air  11%        N/A       14%         3
 Conjure Flame            Conj/Fire      10%        6-21      16%         3


Dungeon Overview and Level Annotations

Branches:
Dungeon (3/15)

Altars:

Annotations:
D:3 Ijyb


Innate Abilities, Weirdness & Mutations

You have very sharp teeth.
Your uncanny sense of smell can sniff out nearby items.
Your experience applies equally to all skills.


Message History

A beastly little devil appears in a puff of frigid air.
Ijyb zaps a wand.
Your white imp's mind is blasted!!
Your white imp is blown up!
Casting: Call Imp (safe; 4% risk of failure)
Confirm with . or Enter, or press ? or * to list all spells.
A beastly little devil appears in a puff of flame.
Ijyb hits your white imp but does no damage.
Your white imp barely misses Ijyb.
Something hits your white imp.
Ijyb zaps a wand.
Your crimson imp resists with significant effort.
Your crimson imp hits Ijyb but does no damage.
Your white imp closely misses Ijyb.
Ijyb barely misses your crimson imp.
Your white imp hits Ijyb but does no damage.
Your crimson imp misses Ijyb.
Ijyb zaps a wand.
Your crimson imp's mind is blasted!!
Your crimson imp is blown up!
Your white imp gestures at Ijyb.
The puff of frost hits Ijyb.
Casting: Call Imp (safe; 4% risk of failure)
Confirm with . or Enter, or press ? or * to list all spells.
Aiming: Sting (safe; 4% risk of failure)
Press: ? - help, Shift-Dir - straight line, f - Ijyb
Aim: Ijyb, wielding a +0 dagger, wearing a +0 ring mail and carrying a wand of mindburst (12) (moderately wounded, ally target, 68% to hit)
The sting hits Ijyb.
Ijyb is poisoned.
Ijyb is moderately wounded.
Your white imp gestures at Ijyb.
The puff of frost hits Ijyb.
You closely miss Ijyb.
Ijyb is heavily wounded.
Ijyb zaps a wand.
Your mind is blasted!
Ouch! That really hurt!
* * * LOW HITPOINT WARNING * * *
Your white imp gestures at Ijyb.
The puff of frost hits Ijyb.
You hit Ijyb but do no damage. Your bite misses Ijyb.
Ijyb is severely wounded.
Ijyb hits you with a +0 dagger.
You die...

#..# #..#
#..# #..#
#..#
#..######
#.......#
#.#####.#
#@g5#
###.# #.#
#.# ...
#.# #$#
#.# #.#


You could see Ijyb (poisoned, ally target) and a friendly white imp (summoned).

Vanquished Creatures
  Natasha (D:2)
  An adder (D:2)
  A worm (D:2)
  3 ball pythons
  3 endoplasms
  2 giant cockroaches (D:1)
  8 goblins
  8 hobgoblins
  2 jackals
  3 quokkas
  5 bats
  A frilled lizard (D:1)
  4 kobolds
  3 rats (D:1)
45 creatures vanquished.

Vanquished Creatures (collateral kills)
  Natasha (D:2)
  Robin (D:2)
  2 adders
  A gnoll (D:1)
  A worm (D:2)
  A dart slug (D:3)
  2 endoplasms (D:1)
  A giant cockroach (D:2)
  4 goblins
  3 hobgoblins (D:2)
  7 jackals (D:1)
  2 kobolds
  A bat (D:1)
27 creatures vanquished.

Vanquished Creatures (others)
  2 plants (D:3)
2 creatures vanquished.

Grand Total: 74 creatures vanquished

Notes
Turn   | Place    | Note
-------+----------+-------------------------------------------
     0 | D:1      | Reached skill level 12 in Spellcasting
     0 | D:1      | harryhousin the Gnoll Wanderer began the quest for the Orb.
     0 | D:1      | harryhousin set off with the following items: a +0 dagger,
                  | a potion of lignification, a +0 robe; and the following
                  | spells available to memorise: Sting, Call Imp, Magic Dart,
                  | Blink, Slow, Mephitic Cloud, Conjure Flame
     0 | D:1      | Reached XP level 1. HP: 13/13 MP: 14/14
     2 | D:1      | Learned a level 1 spell: Sting
    28 | D:1      | Learned a level 1 spell: Magic Dart
   267 | D:1      | Reached XP level 2. HP: 19/19 MP: 8/15
   349 | D:1      | Learned a level 2 spell: Call Imp
   352 | D:1      | Learned a level 2 spell: Blink
   559 | D:1      | Reached XP level 3. HP: 25/25 MP: 12/17
  1099 | D:1      | Reached skill level 1 in Invocations
  1264 | D:2      | Noticed Natasha
  1275 | D:2      | Killed Natasha
  1276 | D:2      | Reached skill level 1 in Fighting
  1276 | D:2      | Reached skill level 1 in Short Blades
  1276 | D:2      | Reached skill level 1 in Long Blades
  1276 | D:2      | Reached skill level 1 in Axes
  1276 | D:2      | Reached skill level 1 in Maces & Flails
  1276 | D:2      | Reached skill level 1 in Polearms
  1276 | D:2      | Reached skill level 1 in Staves
  1276 | D:2      | Reached skill level 1 in Slings
  1276 | D:2      | Reached skill level 1 in Bows
  1276 | D:2      | Reached skill level 1 in Crossbows
  1276 | D:2      | Reached skill level 1 in Throwing
  1276 | D:2      | Reached skill level 1 in Armour
  1276 | D:2      | Reached skill level 1 in Dodging
  1276 | D:2      | Reached skill level 1 in Stealth
  1276 | D:2      | Reached skill level 1 in Unarmed Combat
  1276 | D:2      | Reached skill level 13 in Spellcasting
  1276 | D:2      | Reached XP level 4. HP: 32/32 MP: 19/19
  1531 | D:2      | Noticed Robin
  1546 | D:2      | Killed Robin
  1547 | D:2      | Reached skill level 1 in Conjurations
  1547 | D:2      | Reached skill level 1 in Hexes
  1547 | D:2      | Reached skill level 1 in Necromancy
  1547 | D:2      | Reached skill level 1 in Translocations
  1547 | D:2      | Reached skill level 1 in Transmutations
  1547 | D:2      | Reached skill level 1 in Fire Magic
  1547 | D:2      | Reached skill level 1 in Ice Magic
  1547 | D:2      | Reached skill level 1 in Air Magic
  1547 | D:2      | Reached skill level 1 in Earth Magic
  1962 | D:2      | Noticed Natasha
  1969 | D:2      | Killed Natasha
  1970 | D:2      | Reached XP level 5. HP: 37/37 MP: 20/20
  2382 | D:3      | Noticed Ijyb
  2395 | D:3      | Slain by Ijyb

Illustrated notes

Levels and vault maps discovered:
D:1:      dpeg_arrival_windows_large_door, layout_basic, minmay_split_cup_small
D:2:      layout_basic, kennysheep_potato, uniq_robin, uniq_natasha
D:3:      layout_basic, chequers_ecumenical_altar_lobes, uniq_ijyb

Skill      XL: |  1  2  3  4 |
---------------+-------------+-----
Spellcasting   | 13 | 13.0
Summonings     | 2 |  2.3
Poison Magic   | 2 |  2.3
Invocations    | 1 |  1.6
Fighting       | 1 |  1.4
Short Blades   | 1 |  1.4
Long Blades    | 1 |  1.4
Axes           | 1 |  1.4
Maces & Flails | 1 |  1.4
Polearms       | 1 |  1.4
Staves         | 1 |  1.4
Slings         | 1 |  1.4
Bows           | 1 |  1.4
Crossbows      | 1 |  1.4
Throwing       | 1 |  1.4
Armour         | 1 |  1.4
Dodging        | 1 |  1.4
Stealth        | 1 |  1.4
Unarmed Combat | 1 |  1.4
Conjurations   | 1 |  1.1
Hexes          | 1 |  1.1
Necromancy     | 1 |  1.1
Translocations | 1 |  1.1
Transmutations | 1 |  1.1
Fire Magic     | 1 |  1.1
Ice Magic      | 1 |  1.1
Air Magic      | 1 |  1.1
Earth Magic    | 1 |  1.1
Shields        | |  2.9
Evocations     | |  2.9

Action                   |  1- 3 |  4- 6 || total
-------------------------+-------+-------++-------
Melee: Dagger            |    22 |    12 ||    34
       Bite              |     1 |     1 ||     2
 Cast: Sting             |    34 |    30 ||    64
       Magic Dart        |    24 |    26 ||    50
       Call Imp          |    15 |    23 ||    38
 Stab: Distracted        |       |     1 ||     1
       Sleeping          |       |     1 ||     1
Armor: Robe              |     9 |     3 ||    12
Dodge: Dodged            |    19 |    15 ||    34

Table legend: (Time is in decaauts)
 A = Elapsed time spent in this place.
 B = Non-inter-level travel time spent in this place.
 C = Inter-level travel time spent in this place.
 D = Time resting spent in this place.
 E = Time spent auto-exploring this place.
 F = Levels seen in this place.
 G = Mean time per level.
                   A        B        C        D        E       F      G
               +--------+--------+--------+--------+--------+-----+--------+
         Total |   2401 |   2336 |     65 |    586 |    802 |   3 |  800.3 |
       Dungeon |   2401 |   2336 |     65 |    586 |    802 |   3 |  800.3 |
               +--------+--------+--------+--------+--------+-----+--------+

Top non-repeatable levels by time:
     D:1: 1229 daAuts
     D:2: 990 daAuts
     D:3: 181 daAuts
